 Dungeon Crawl Stone Soup version 0.24-a0-525-g9231cdcba1 (webtiles) character file.

Game seed: 2431579207289570550

12476 Arang the Protected (level 11, -1/100 HPs)
             Began as a Demonspawn Abyssal Knight on Aug 4, 2019.
             Was a High Priest of Lugonu.
             Slain by a phantasmal warrior (20 damage)
             ... led by a death knight
             ... on level 11 of the Dungeon.
             The game lasted 00:44:47 (12309 turns).

Arang the Protected (Demonspawn Abyssal Knight)    Turns: 12309, Time: 00:44:47

Health: -1/100     AC: 21    Str: 14    XL:     11   Next: 63%
Magic:  3/5        EV:  5    Int: 13    God:    Lugonu [*****.]
Gold:   970        SH:  0    Dex: 16    Spells: 10/10 levels left

rFire    . . .     SeeInvis .   v - +7 quarterstaff "Xenweic" {antimagic, rElec}
rCold    . . .     Gourm    .   (shield currently unavailable)
rNeg     . . .     Faith    .   t - +0 plate armour
rPois    .         Spirit   .   L - +0 hat
rElec    +         Reflect  .   m - +0 cloak
rCorr    .         Harm     .   J - +0 pair of gloves {Dex+3}
MR       .....                  (no boots)
Stlth    ..........             x - amulet of magic regeneration
HPRegen  0.26/turn              (no ring)
MPRegen  0.34/turn              (no ring)

@: vulnerable, hasted, very quick
A: horns 2, talons 2, molten scales 2, demonic guardian 1, powered by death 2,
robust 1, weak 1
a: Depart the Abyss, Bend Space, Banish, Corrupt, Enter the Abyss, Renounce
Religion


You were on level 11 of the Dungeon.
You worshipped Lugonu.
Lugonu was extremely pleased with you.
You were not hungry.

You visited 1 branch of the dungeon, and saw 11 of its levels.
You visited the Abyss 1 time.
You also visited: Ossuary.

You collected 970 gold pieces.

Inventory:

Hand Weapons
 a - a +1 spear
 v - the +7 quarterstaff "Xenweic" (weapon) {antimagic, rElec}
   (You found it on level 4 of the Dungeon)

   It reduces the magical energy of the wielder, and disrupts the spells and
   magical abilities of those hit.
   Natural abilities and divine invocations are not affected.
   It insulates you from electricity.
 B - a +2 vampiric trident
Missiles
 d - 417 stones (quivered)
 l - 4 curare-tipped darts
Armour
 m - a +0 cloak (worn)
 t - a +0 plate armour (worn)
 y - the +0 scale mail "Badol" {SInv}
   (You found it on level 4 of the Dungeon)

   It lets you see invisible.
 D - the +5 robe "Kiummuev" {Int+4}
   (You found it on level 4 of the Dungeon)

   It affects your intelligence (+4).
 F - a +1 scale mail of cold resistance
 J - a +0 pair of gloves of dexterity (worn)
 L - a +0 hat (worn)
Jewellery
 x - an amulet of magic regeneration (around neck)
 O - a +2 ring of strength {unknown}
Wands
 w - a wand of clouds (7)
 K - a wand of flame (16)
Scrolls
 b - 2 scrolls of random uselessness {unknown}
 e - 9 scrolls of remove curse
 g - 2 scrolls of fear {unknown}
 h - 4 scrolls of identify
 i - a scroll of enchant weapon {unknown}
 k - a scroll of magic mapping {unknown}
 o - 6 scrolls of amnesia {unknown}
 p - 5 scrolls of teleportation {unknown}
 r - 5 scrolls of enchant armour {unknown}
 C - a scroll of immolation {unknown}
 E - 2 scrolls of fog {unknown}
 N - a scroll of blinking {unknown}
Potions
 f - 8 potions of curing
 q - 3 potions of brilliance
 s - a potion of heal wounds
 u - 3 potions of cancellation
 z - 2 potions of flight
 A - a potion of invisibility {unknown}
 G - 2 potions of agility
 H - 2 potions of lignification {unknown}
 I - 2 potions of might
 P - 2 potions of ambrosia {unknown}
Comestibles
 c - 23 rations
 n - 3 chunks of flesh


   Skills:
 + Level 10.2 Fighting
 * Level 7.8(7.9) Polearms
 - Level 1.2(5.0) Staves
 - Level 2.1 Throwing
 + Level 11.3 Armour
 - Level 0.8 Dodging
 - Level 0.1 Stealth
 - Level 7.2 Invocations


You had 10 spell levels left.
You didn't know any spells.
Your spell library contained the following spells:

 Spells                   Type           Power        Failure   Level  Hunger
 Beastly Appendage        Tmut           #.....       100%        1    ##.....
 Corona                   Hex            #......      100%        1    ##.....
 Ensorcelled Hibernation  Hex/Ice        #.....       100%        2    ###....
 Sticks to Snakes         Tmut           #.......     100%        2    ###....
 Confuse                  Hex            #.......     100%        3    ####...
 Dazzling Spray           Conj/Hex       #.....       100%        3    ####...
 Spider Form              Tmut/Pois      #.........   100%        3    ####...
 Tukima's Dance           Hex            #.......     100%        3    ####...
 Ice Form                 Ice/Tmut       #.......     100%        4    #####..
 Blade Hands              Tmut           #.........   100%        5    ######.


Dungeon Overview and Level Annotations

Branches:
Dungeon (11/15)            Temple (0/1) D:4            Lair (0/6) D:11
    Orc (0/2) D:10

Altars:
Ashenzari
Elyvilon
Fedhas
Hepliaklqana
Kikubaaqudgha
Makhleb
Nemelex Xobeh
Okawaru
Qazlal
Ru
Vehumet
Wu Jian
Xom
Yredelemnul
Zin

Shops:
D:9 :

Annotations:
D:9 1 runed translucent door, Sassenached's ghost, journeyman HaAs
D:10 exclusion: downstairs
D:11 exclusion: door


Innate Abilities, Weirdness & Mutations

You have a pair of horns on your head.
You are mostly covered in molten scales. (AC +3)
A weak demonic guardian rushes to your aid.
You regenerate health from kills.
You have razor-sharp toenails.
You are robust. (+10% HP)
You are weak. (Str -2)


Message History

Okay, then.
Okay, then.
You closely miss the phantasmal warrior.
You claw the phantasmal warrior, but do no damage.
You headbutt the phantasmal warrior, but do no damage.
The phantasmal warrior is severely damaged.
The phantasmal warrior hits you!
* * * LOW HITPOINT WARNING * * *
Your quasit barely misses the wraith.
Your quasit claws the wraith but does no damage.
Your quasit barely misses the wraith.
You hit the phantasmal warrior.
The phantasmal warrior's magic leaks into the air.
The phantasmal warrior is almost destroyed.
The phantasmal warrior hits you but does no damage.
Unknown command.
Your quasit barely misses the wraith.
Your quasit claws the wraith but does no damage. x2
The phantasmal warrior hits you!!
You die...

....# #..........# #≈≈≈≈≈≈
....# #..........# ≈≈≈≈≈.
##.## ##'######### ≈≈.≈≈ ..#
#...÷...## ..≈≈≈ ###
#######..# .≈≈≈ .... ##.# $;≈≈
.... ############'## ....
#.........W§§.# ....
###........@WW§§# ....
#.'..........§5§### .
....##.#...........§§§.###....
....#..#p...........§#...'....
......##.............#####....
....####.............# .. ....
#.)[..........# ####
#..)))........#
###'###########


You could see a phantasmal warrior, a freezing wraith, a wraith and a friendly
quasit.

Vanquished Creatures
  Snorg (D:10)
  Harold (D:10)
  2 two-headed ogres
  2 unseen horrors
  A manticore (D:11)
  Joseph (D:10)
  A kobold demonologist (D:11)
  3 trolls
  A wyvern (D:10)
  5 yaks (D:10)
  2 hungry ghosts
  A two-headed ogre zombie (D:10)
  2 water moccasins (D:9)
  Duvessa (D:6)
  3 slaves (D:6)
  A sky beast (D:6)
  3 black bears
  3 ice beasts
  2 phantoms (D:10)
  3 ogres
  2 wolves (D:11)
  3 centaurs
  2 crocodiles (D:10)
  17 big kobolds
  2 elf zombies (D:5)
  An elf skeleton (D:5)
  2 bullfrogs
  A gnoll sergeant (D:8)
  Dowan (D:6)
  2 scorpions
  6 killer bees (D:11)
  7 howler monkeys
  2 electric eels (D:11)
  4 crimson imps
  8 hounds
  A jelly (D:10)
  7 orc wizards
  2 orc priests
  A centaur skeleton (D:5)
  2 iguanas
  2 human skeletons (D:5)
  6 worker ants
  6 ogre zombies (D:10)
  A hound zombie (D:8)
  A hound skeleton (D:4)
  8 mummies (Ossuary)
  7 gnolls
  A howler monkey skeleton (D:5)
  A howler monkey zombie (D:8)
  9 adders
  An ooze (D:1)
  A worm (D:3)
  2 leopard geckos
  12 orcs
  3 giant cockroaches
  9 goblins
  3 hobgoblins
  4 jackals (D:4)
  2 quokkas
  4 bats
  7 frilled lizards
  A gnoll zombie (Ossuary)
  A goblin skeleton (D:10)
  A goblin zombie (D:10)
  6 hobgoblin zombies
  25 kobolds
  A kobold zombie (Ossuary)
  5 orc skeletons
  18 orc zombies
  A quokka zombie (D:10)
  6 rats
267 creatures vanquished.

Vanquished Creatures (collateral kills)
  Pikel (D:6)
  An ice beast (D:7)
  A sky beast (D:8)
  An ogre (D:4)
  3 big kobolds
  A bullfrog (D:7)
  An orc priest (D:10)
  An orc wizard (D:4)
  A dart slug (D:4)
  An orc (D:7)
  A kobold (D:11)
13 creatures vanquished.

Vanquished Creatures (others)
  A slave (D:6)
  A water moccasin (D:6)
  An ice beast (D:6)
3 creatures vanquished.

Grand Total: 283 creatures vanquished

Notes
Turn   | Place    | Note
-------+----------+-------------------------------------------
     0 | Abyss:1  | Arang the Demonspawn Abyssal Knight began the quest for the
                  | Orb.
     0 | Abyss:1  | Reached XP level 1. HP: 18/18 MP: 2/2
    30 | Abyss:1  | Noticed a smoke demon
    31 | D:1      | Escaped the Abyss
   203 | D:1      | Reached * piety under Lugonu
   266 | D:1      | Gained mutation: You have a pair of small horns on your
                  | head. [demonic ancestry]
   266 | D:1      | Reached XP level 2. HP: 19/24 MP: 3/3
   269 | D:1      | Reached skill level 2 in Armour
   971 | D:2      | Reached XP level 3. HP: 25/30 MP: 4/4
  1083 | D:2      | Found a shimmering altar of Xom.
  1205 | D:2      | Found an ancient bone altar of Kikubaaqudgha.
  1808 | D:3      | Reached ** piety under Lugonu
  1840 | D:3      | Found a glowing silver altar of Zin.
  1840 | D:3      | Noticed an angel
  1845 | D:3      | Found a hazy altar of Hepliaklqana.
  2209 | D:3      | Gained mutation: A weak demonic guardian rushes to your
                  | aid. [demonic ancestry]
  2209 | D:3      | Reached XP level 4. HP: 37/37 MP: 5/5
  2221 | D:3      | Reached skill level 1 in Throwing
  2559 | D:3      | Gained mutation: You are weak. (Str -2) [potion of
                  | mutation]
  2559 | D:3      | Gained mutation: You have sharp toenails. [potion of
                  | mutation]
  2559 | D:3      | Gained mutation: Your spells are a little harder to cast,
                  | but a little more powerful. [potion of mutation]
  2560 | D:3      | Lost mutation: You are weak. (Str -2) [potion of mutation]
  2560 | D:3      | Lost mutation: Your spells are a little harder to cast, but
                  | a little more powerful. [potion of mutation]
  2560 | D:3      | Gained mutation: You are weak. (Str -2) [potion of
                  | mutation]
  2560 | D:3      | Gained mutation: You have razor-sharp toenails. [potion of
                  | mutation]
  2560 | D:3      | Gained mutation: You are robust. (+10% HP) [potion of
                  | mutation]
  2837 | D:4      | Got a crude scale mail
  2848 | D:4      | Identified the +0 scale mail "Badol" {SInv} (You found it
                  | on level 4 of the Dungeon)
  3090 | D:4      | Noticed an ogre
  3097 | D:4      | Killed an ogre
  3097 | D:4      | Reached skill level 3 in Armour
  3097 | D:4      | Gained mutation: You have a pair of horns on your head.
                  | [demonic ancestry]
  3097 | D:4      | Reached XP level 5. HP: 46/46 MP: 6/6
  3212 | D:4      | Found a sacrificial altar of Ru.
  3229 | D:4      | Found a white marble altar of Elyvilon.
  3283 | D:4      | Got a heavy robe
  3294 | D:4      | Identified the +5 robe "Kiummuev" {Int+4} (You found it on
                  | level 4 of the Dungeon)
  3447 | D:4      | Found a staircase to the Ecumenical Temple.
  3670 | D:4      | Got a translucent quarterstaff
  3671 | D:4      | Identified the +7 quarterstaff "Xenweic" {antimagic, rElec}
                  | (You found it on level 4 of the Dungeon)
  3710 | D:5      | Entered Level 5 of the Dungeon
  3718 | D:5      | Found a basalt altar of Yredelemnul.
  3731 | D:5      | Reached XP level 6. HP: 48/52 MP: 2/7
  3950 | D:5      | Reached skill level 4 in Armour
  3955 | D:5      | Found a sand-covered staircase.
  3965 | D:5      | Reached skill level 1 in Staves
  4078 | D:5      | Gained mutation: You regenerate a little health from kills.
                  | [demonic ancestry]
  4078 | D:5      | Reached XP level 7. HP: 41/60 MP: 2/8
  4107 | Ossuary  | Entered an ossuary
  4705 | D:5      | Reached skill level 5 in Armour
  4960 | D:5      | Found a burning altar of Makhleb.
  5472 | D:6      | Noticed Pikel
  5508 | D:6      | Killed Pikel
  5508 | D:6      | Reached skill level 5 in Fighting
  5508 | D:6      | Reached skill level 6 in Armour
  5508 | D:6      | Reached XP level 8. HP: 44/70 MP: 3/9
  5636 | D:6      | Found a sparkling altar of Nemelex Xobeh.
  5644 | D:6      | Noticed Dowan
  5675 | D:6      | Killed Dowan
  5930 | D:6      | Noticed Duvessa
  5941 | D:6      | Killed Duvessa
  6060 | D:6      | Reached skill level 5 in Polearms
  6724 | D:7      | Reached *** piety under Lugonu
  6741 | D:7      | Reached skill level 7 in Armour
  6899 | D:7      | Found an iron altar of Okawaru.
  6899 | D:7      | Found an ornate altar of the Wu Jian Council.
  6900 | D:7      | Found a stormy altar of Qazlal.
  7294 | D:7      | Gained mutation: You regenerate health from kills. [demonic
                  | ancestry]
  7294 | D:7      | Reached XP level 9. HP: 78/78 MP: 3/11
  7857 | D:8      | Found a radiant altar of Vehumet.
  7866 | D:8      | Found a shattered altar of Ashenzari.
  7953 | D:8      | Noticed a two-headed ogre
  7984 | D:8      | Killed a two-headed ogre
  7984 | D:8      | Reached skill level 8 in Armour
  8682 | D:9      | Reached **** piety under Lugonu
  8795 | D:9      | Found Xoiqy's Book Shop.
  8857 | D:9      | Reached skill level 5 in Invocations
  8876 | D:9      | Found a runed translucent door.
  8881 | D:9      | Noticed Sassenached's ghost (journeyman HaAs)
  8931 | D:9      | Gained mutation: You are partially covered in molten
                  | scales. (AC +2) [demonic ancestry]
  8931 | D:9      | Reached XP level 10. HP: 85/88 MP: 4/13
  8933 | D:9      | Found a blossoming altar of Fedhas.
  9011 | D:9      | Reached skill level 9 in Armour
  9328 | D:10     | Entered Level 10 of the Dungeon
  9530 | D:10     | Noticed a two-headed ogre
  9548 | D:10     | Killed a two-headed ogre
  9640 | D:10     | Noticed Joseph
  9726 | D:10     | Killed Joseph
  9908 | D:10     | Noticed Harold
  9922 | D:10     | Killed Harold
  9922 | D:10     | Reached skill level 10 in Armour
 10224 | D:10     | Noticed an unseen horror
 10248 | D:10     | Killed an unseen horror
 10676 | D:10     | Gained mutation: You are mostly covered in molten scales.
                  | (AC +3) [demonic ancestry]
 10676 | D:10     | Reached XP level 11. HP: 97/97 MP: 5/16
 10679 | D:10     | Reached ***** piety under Lugonu
 10682 | D:10     | Found a staircase to the Orcish Mines.
 11279 | D:10     | Noticed Snorg
 11322 | D:10     | Killed Snorg
 11685 | D:11     | Reached skill level 11 in Armour
 11752 | D:11     | Noticed a death knight
 11752 | D:11     | Noticed a phantasmal warrior
 11909 | D:11     | Killed an unseen horror
 11909 | D:11     | Reached skill level 10 in Fighting
 12047 | D:11     | Found a staircase to the Lair.
 12047 | D:11     | Noticed a four-headed hydra
 12309 | D:11     | Slain by a phantasmal warrior

Levels and vault maps discovered:
D:1:      dpeg_cavernosity, layout_rooms
D:2:      layout_rooms, lemuel_coloured_pillars_altar, serial_forest,
          infiniplex_forest_fountain, infiniplex_forest_clump_long,
          infiniplex_forest_end_double, infiniplex_forest_clump_double,
          infiniplex_forest_straight_2, infiniplex_forest_lined_4_way,
          infiniplex_forest_straight_4, kennysheep_donut, xom_teletrap_fun
D:3:      layout_basic, lemuel_crystal_altar, zin_angel, first_ration
D:4:      layout_basic, lemuel_crystal_altar, nicolae_ru_awakened_eye,
          minmay_temple_entry_enclosed_plants
D:5:      layout_basic, lemuel_doored_altar, yredelemnul_altar_generic,
          nicolae_ossuary_entry_catacombs
D:6:      layout_basic, nemelex_xobeh_ov_fountains_minmay, uniq_duvessa,
          uniq_pikel
D:7:      layout_cave_pods, chequers_temple_overflow_statue_of_worship
D:8:      layout_loops_ring, cheibrodos_ashenzari_chains, fiery_altar_vehumet,
          minmay_strange_pillars
D:9:      layout_rooms, basic_altar, ebering_ghost_reflecting_pool,
          serial_shops, kennysheep_mini
D:10:     layout_stronghold, zombieorc2_lemuel, uniq_snorg, uniq_joseph,
          uniq_harold
D:11:     layout_roguey [special_room_kobold], erik_lair_island, serial_shops,
          shop, grunt_pizzeria

Skill      XL: |  1  2  3  4  5  6  7  8  9 10 11 |
---------------+----------------------------------+-----
Armour         | 2 3 4 6 7 8 10 11 | 11.3
Polearms       | 2 3 4 5 6 7 |  7.8
Fighting       | 4 5 6 8 9 10 | 10.2
Throwing       | 2 |  2.1
Staves         | 1 |  1.2
Invocations    | 5 6 7 |  7.2
Dodging        | |  0.8
Stealth        | |  0.1

Action                   |  1- 3 |  4- 6 |  7- 9 | 10-12 || total
-------------------------+-------+-------+-------+-------++-------
Melee: Spear             |   120 |    61 |       |       ||   181
       Headbutt          |    10 |    18 |    38 |    72 ||   138
       Kick              |       |    23 |    69 |   115 ||   207
       Quarterstaff      |       |    47 |   264 |   344 ||   655
Throw: Stone             |    25 |     4 |    54 |       ||    83
       Dart              |    18 |    22 |    66 |    59 ||   165
Invok: Depart the Abyss  |     1 |       |       |       ||     1
       Bend Space        |       |       |       |     1 ||     1
       Banish            |       |       |       |     1 ||     1
Evoke: Wand              |       |       |       |     3 ||     3
  Use: Scroll            |     1 |     4 |     6 |       ||    11
       Potion            |       |     2 |       |     3 ||     5
 Stab: Distracted        |       |       |     1 |     3 ||     4
       Confused          |       |       |       |     3 ||     3
  Eat: Chunk             |     4 |     6 |     9 |    12 ||    31
       Ration            |       |       |     2 |       ||     2
Armor: Leather armour    |     6 |       |       |       ||     6
       Scale mail        |    24 |       |       |    13 ||    37
       Plate armour      |     2 |    77 |   187 |   277 ||   543
Dodge: Dodged            |    46 |    13 |    48 |    93 ||   200

Table legend:
 A = Non-vault XP
 B = Vault XP
 C = Vault XP percentage of total XP
 D = Non-vault monster count
 E = Vault monster count
 F = Vault count percentage of total count
                 A         B        C        D         E       F
            +---------+---------+-------+---------+---------+-------
      Total |   10914 |    6910 |  38.8 |     176 |     101 |  36.5
            +---------+---------+-------+---------+---------+-------
        D:1 |      31 |       6 |  16.2 |      17 |       4 |  19.0
        D:2 |      32 |       0 |   0.0 |      14 |       0 |   0.0
        D:3 |      46 |       0 |   0.0 |      11 |       0 |   0.0
        D:4 |     192 |       0 |   0.0 |      16 |       0 |   0.0
        D:5 |     314 |     346 |  52.4 |       7 |       6 |  46.2
        D:6 |     267 |     784 |  74.6 |       3 |       3 |  50.0
        D:7 |    1030 |       0 |   0.0 |      30 |       0 |   0.0
        D:8 |    1839 |       0 |   0.0 |      22 |       0 |   0.0
        D:9 |    1060 |       0 |   0.0 |      14 |       0 |   0.0
       D:10 |    3909 |    2749 |  41.3 |      28 |      37 |  56.9
       D:11 |    2194 |    2872 |  56.7 |      14 |      35 |  71.4
    Ossuary |       0 |     153 | 100.0 |       0 |      16 | 100.0
            +---------+---------+-------+---------+---------+-------
